NCAA
TEXAS TECH RED RAIDERS @ TEXAS LONGHORNS
04/03/2030
 
TOP OF THE 1ST
Texas Tech Red Raiders batting - Pitching for Texas Longhorns : RHP Gerald Bryant
Pitching: RHP Gerald Bryant
Batting: RHB Terrence Schneider 0-0: Bunted foul
0-1: Foul Ball, location: 2F
0-2: Ground out 4-3 (Groundball, 4M)
Batting: RHB Júlio Gómez 0-0: Foul Ball, location: 2F
0-1: Swinging Strike
0-2: Ground out U3 (Groundball, 3S)
Batting: LHB Marshall Dunn 0-0: Ball
1-0: Ball
2-0: SOLO HOME RUN (Flyball, 9LD), Distance : 332 ft
Batting: SHB Manuel Hernández 0-0: Ball
1-0: SINGLE (Groundball, 4MD)
Batting: RHB Lorenzo Hernández 0-0: Fly out, F7 (Line Drive, 7)
Top of the 1st over - 1 run, 2 hits, 0 errors, 1 left on base; Texas Tech 1 - Texas 0
BOTTOM OF THE 1ST
Texas Longhorns batting - Pitching for Texas Tech Red Raiders : RHP Carlos Pineda
Pitching: RHP Carlos Pineda
Batting: RHB Norm Martin 0-0: Ball
1-0: SINGLE (Groundball, 4MD)
Batting: SHB Dave Hickman 0-0: Ball
1-0: Foul Ball, location: 2F
1-1: Ball
2-1: Called Strike
2-2: Ball
3-2: Strikes out swinging
Batting: LHB Bill Turner 0-0: Ball
Norm Martin is caught stealing 2nd base
1-0: Ball
2-0: Called Strike
2-1: Swinging Strike
2-2: Ball
3-2: Foul Ball, location: 2F
3-2: Fly out, F5 (Popup, 56S)
Bottom of the 1st over - 0 runs, 1 hit, 0 errors, 0 left on base; Texas Tech 1 - Texas 0
TOP OF THE 2ND
Texas Tech Red Raiders batting - Pitching for Texas Longhorns : RHP Gerald Bryant
Batting: RHB Bobby Santiago 0-0: Ball
1-0: Ball
2-0: Swinging Strike
2-1: Ball
3-1: Base on Balls
Batting: RHB Johnathan Williams Pickoff Throw to First - Out!
0-0: Swinging Strike
0-1: Ball
1-1: SINGLE (Line Drive, 6MD)
Batting: RHB Alexander McMillan 0-0: Ball
1-0: Foul Ball, location: 2F
1-1: Ball
2-1: Ball
3-1: Ground out 5-3 (Groundball, 56S)
Johnathan Williams to second
Batting: RHB Bob Hyde 0-0: Called Strike
0-1: Ball
1-1: Called Strike
1-2: Ground out 6-3 (Groundball, 6M)
Top of the 2nd over - 0 runs, 1 hit, 0 errors, 1 left on base; Texas Tech 1 - Texas 0
BOTTOM OF THE 2ND
Texas Longhorns batting - Pitching for Texas Tech Red Raiders : RHP Carlos Pineda
Batting: RHB Jonathan Boyer 0-0: Foul Ball, location: 2F
0-1: Ball
1-1: Ground out 1-3 (Groundball, 13S)
Batting: LHB Matt Turner 0-0: Ground out 5-3 (Groundball, 5)
Batting: RHB Curtis Lawson 0-0: Called Strike
0-1: Ball
1-1: Ball
2-1: Ball
3-1: Foul Ball, location: 2F
3-2: Strikes out looking
Bottom of the 2nd over - 0 runs, 0 hits, 0 errors, 0 left on base; Texas Tech 1 - Texas 0
TOP OF THE 3RD
Texas Tech Red Raiders batting - Pitching for Texas Longhorns : RHP Gerald Bryant
Batting: RHB Terrence Schneider 0-0: Ball
1-0: Ball
2-0: Ball
3-0: Called Strike
3-1: Ground out 6-3 (Groundball, 6)
Batting: RHB Júlio Gómez 0-0: Foul Ball, location: 2F
0-1: Ball
1-1: Swinging Strike
1-2: Ball
2-2: Strikes out looking
Batting: LHB Marshall Dunn 0-0: Ball
1-0: Swinging Strike
1-1: Swinging Strike
1-2: Ball
2-2: Foul Ball, location: 2F
2-2: Ground out 6-3 (Groundball, 6S)
Top of the 3rd over - 0 runs, 0 hits, 0 errors, 0 left on base; Texas Tech 1 - Texas 0
BOTTOM OF THE 3RD
Texas Longhorns batting - Pitching for Texas Tech Red Raiders : RHP Carlos Pineda
Batting: RHB David Stephens 0-0: Called Strike
0-1: Swinging Strike
0-2: Foul Ball, location: 2F
0-2: Ball
1-2: Ball
2-2: Fly out, F8 (Flyball, 89M)
Batting: LHB Jim Davis 0-0: Called Strike
0-1: Ball
1-1: Ball
2-1: Foul Ball, location: 2F
2-2: Foul Ball, location: 2F
2-2: Strikes out looking
Batting: RHB Bob Pugh 0-0: Ball
1-0: Called Strike
1-1: Called Strike
1-2: SINGLE (Line Drive, 4MD)
Batting: RHB Norm Martin 0-0: Called Strike
0-1: Ball
Bob Pugh steals 2nd base
1-1: Fly out, F6 (Popup, 6M)
Bottom of the 3rd over - 0 runs, 1 hit, 0 errors, 1 left on base; Texas Tech 1 - Texas 0
TOP OF THE 4TH
Texas Tech Red Raiders batting - Pitching for Texas Longhorns : RHP Gerald Bryant
Batting: SHB Manuel Hernández 0-0: Foul Ball, location: 2F
0-1: Called Strike
0-2: Ball
1-2: SINGLE (Line Drive, 4M)
Batting: RHB Lorenzo Hernández 0-0: Foul Ball, location: 2F
0-1: Ball
1-1: Swinging Strike
1-2: Ball
2-2: Foul Ball, location: 2F
2-2: Strikes out swinging
Batting: RHB Bobby Santiago 0-0: Ball
1-0: Ball
2-0: Ball
3-0: Base on Balls
Manuel Hernández to second
Pitching: RHP Jeff Finley
Batting: RHB Johnathan Williams 0-0: SINGLE (Line Drive, 78S)
Manuel Hernández to third
Bobby Santiago to second
Runner from 3rd tries for Home, SAFE, no throw
Batting: RHB Alexander McMillan 0-0: Called Strike
0-1: SINGLE (Line Drive, 6)
Bobby Santiago to third
Johnathan Williams to second
Runner from 3rd tries for Home, SAFE, no throw
Batting: RHB Bob Hyde 0-0: Called Strike
0-1: Ball
1-1: Foul Ball, location: 2F
1-2: Strikes out swinging
Batting: RHB Terrence Schneider 0-0: Ball
1-0: Ball
2-0: Called Strike
2-1: Foul Ball, location: 2F
2-2: Ball
3-2: SINGLE (Line Drive, 9LS)
Johnathan Williams to third
Alexander McMillan to second
Johnathan Williams scores
Alexander McMillan to third
Batting: RHB Júlio Gómez 0-0: SINGLE (Flyball, 9S)
Alexander McMillan scores
Terrence Schneider to second
Runner from 2nd tries for 3rd, SAFE, no throw
Pitching: RHP Matt Harrison
Batting: LHB Marshall Dunn 0-0: Ball
1-0: SINGLE (Flyball, 9LS)
Terrence Schneider scores
Júlio Gómez to second
Runner from 2nd tries for 3rd, SAFE, throw made to third
Batting: SHB Manuel Hernández 0-0: 3-RUN HOME RUN (Flyball, 8RXD), Distance : 391 ft
Batting: RHB Lorenzo Hernández 0-0: Ball
1-0: Ball
2-0: Ground out 5-3 (Groundball, 56)
Top of the 4th over - 8 runs, 7 hits, 0 errors, 0 left on base; Texas Tech 9 - Texas 0
BOTTOM OF THE 4TH
Texas Longhorns batting - Pitching for Texas Tech Red Raiders : RHP Carlos Pineda
Batting: SHB Dave Hickman 0-0: Ball
1-0: Swinging Strike
1-1: Ball
2-1: Called Strike
2-2: Ball
3-2: Foul Ball, location: 2F
3-2: Foul Ball, location: 2F
3-2: Foul Ball, location: 2F
3-2: Ground out 6-3 (Groundball, 6)
Batting: LHB Bill Turner 0-0: Ball
1-0: Ball
2-0: Called Strike
2-1: Swinging Strike
2-2: Strikes out swinging
Batting: RHB Jonathan Boyer 0-0: Ball
1-0: Called Strike
1-1: Swinging Strike
1-2: DOUBLE (Line Drive, 9LM)
Batting: LHB Matt Turner 0-0: Called Strike
0-1: Ball
1-1: Ground out U3 (Groundball, 34)
Bottom of the 4th over - 0 runs, 1 hit, 0 errors, 1 left on base; Texas Tech 9 - Texas 0
TOP OF THE 5TH
Texas Tech Red Raiders batting - Pitching for Texas Longhorns : RHP Matt Harrison
Batting: RHB Bobby Santiago 0-0: Ball
1-0: Swinging Strike
1-1: Called Strike
1-2: Strikes out looking
Batting: RHB Johnathan Williams 0-0: SOLO HOME RUN (Flyball, 78XD), Distance : 378 ft
Batting: RHB Alexander McMillan 0-0: Ball
1-0: Called Strike
1-1: Ball
2-1: Ball
3-1: Base on Balls
Batting: RHB Bob Hyde 0-0: Swinging Strike
0-1: Foul Ball, location: 2F
0-2: Ball
1-2: Ball
2-2: Foul Ball, location: 2F
2-2: Ball
3-2: Foul Ball, location: 2F
3-2: Strikes out swinging
Batting: RHB Terrence Schneider 0-0: Ball
1-0: Called Strike
1-1: Foul Ball, location: 2F
1-2: SINGLE (Groundball, 34D)
Alexander McMillan to second
Runner from 2nd tries for 3rd, SAFE, no throw
Batting: RHB Júlio Gómez 0-0: Ball
1-0: Foul Ball, location: 2F
1-1: Ball
2-1: Fly out, F9 (Flyball, 9)
Top of the 5th over - 1 run, 2 hits, 0 errors, 2 left on base; Texas Tech 10 - Texas 0
BOTTOM OF THE 5TH
Texas Longhorns batting - Pitching for Texas Tech Red Raiders : RHP Carlos Pineda
Batting: RHB Curtis Lawson 0-0: Ball
1-0: Called Strike
1-1: Swinging Strike
1-2: Foul Ball, location: 2F
1-2: Fly out, F9 (Flyball, 9LM)
Batting: RHB David Stephens 0-0: Foul Ball, location: 2F
0-1: Foul Ball, location: 2F
0-2: Ball
1-2: Ground out 6-3 (Groundball, 6)
Batting: LHB Jim Davis 0-0: Ball
1-0: Foul Ball, location: 2F
1-1: Fly out, F9 (Flyball, 9D)
Bottom of the 5th over - 0 runs, 0 hits, 0 errors, 0 left on base; Texas Tech 10 - Texas 0
TOP OF THE 6TH
Texas Tech Red Raiders batting - Pitching for Texas Longhorns : RHP Matt Harrison
Batting: LHB Marshall Dunn 0-0: Foul Ball, location: 2F
0-1: Ball
1-1: Ground out 6-3 (Groundball, 6)
Batting: SHB Manuel Hernández 0-0: Called Strike
0-1: Ball
1-1: Called Strike
1-2: Strikes out looking
Batting: RHB Lorenzo Hernández 0-0: SINGLE (Groundball, 56D)
Batting: RHB Bobby Santiago 0-0: Fly out, F5 (Line Drive, 56)
Top of the 6th over - 0 runs, 1 hit, 0 errors, 1 left on base; Texas Tech 10 - Texas 0
BOTTOM OF THE 6TH
Texas Longhorns batting - Pitching for Texas Tech Red Raiders : RHP Carlos Pineda
Batting: RHB Bob Pugh 0-0: SOLO HOME RUN (Flyball, 7LD), Distance : 331 ft
Batting: RHB Norm Martin 0-0: Fly out, F4 (Flyball, 34D)
Batting: SHB Dave Hickman 0-0: Called Strike
0-1: Called Strike
0-2: Ball
1-2: Ball
2-2: Foul Ball, location: 2F
2-2: Ball
3-2: Base on Balls
Pitching: RHP Danny Miller
Batting: LHB Bill Turner 0-0: Called Strike
0-1: Fly out, F7 (Flyball, 7D)
Batting: RHB Jonathan Boyer 0-0: Ball
Dave Hickman steals 2nd base
1-0: Foul Ball, location: 2F
1-1: Ground out U3 (Groundball, 34)
Bottom of the 6th over - 1 run, 1 hit, 0 errors, 1 left on base; Texas Tech 10 - Texas 1
TOP OF THE 7TH
Texas Tech Red Raiders batting - Pitching for Texas Longhorns : RHP Matt Harrison
Batting: RHB Johnathan Williams 0-0: Foul Ball, location: 2F
0-1: SINGLE (Flyball, 8LS)
Batting: RHB Alexander McMillan 0-0: Foul Ball, location: 2F
0-1: Foul Ball, location: 2F
0-2: Ball
1-2: DOUBLE (Flyball, 8LXD)
Johnathan Williams to third
Batting: RHB Bob Hyde 0-0: Ball
1-0: Ball
2-0: Swinging Strike
2-1: Ground out 1-3 (Groundball, P)
Batting: RHB Terrence Schneider 0-0: Called Strike
0-1: Ball
1-1: Foul Ball, location: 2F
1-2: Fly out, F9 (Flyball, 9S)
Batting: RHB Júlio Gómez 0-0: Fly out, F4 (Line Drive, 4)
Top of the 7th over - 0 runs, 2 hits, 0 errors, 2 left on base; Texas Tech 10 - Texas 1
BOTTOM OF THE 7TH
Texas Longhorns batting - Pitching for Texas Tech Red Raiders : RHP Danny Miller
Batting: LHB Matt Turner 0-0: Ball
1-0: Ball
2-0: Foul Ball, location: 2F
2-1: Called Strike
2-2: Ball
3-2: SINGLE (Groundball, 2L) (infield hit)
Batting: RHB Curtis Lawson 0-0: Called Strike
0-1: Ball
1-1: Called Strike
1-2: Strikes out swinging
Matt Turner steals 2nd base
Batter strikes out.
Batting: RHB David Stephens 0-0: Foul Ball, location: 2F
0-1: Ball
1-1: Swinging Strike
1-2: Ground out 6-3 (Groundball, 6)
Matt Turner to third
Batting: LHB Jim Davis 0-0: Ball
1-0: Ball
2-0: Ball
3-0: Called Strike
3-1: Base on Balls
Batting: RHB Bob Pugh 0-0: Ball
1-0: Called Strike
1-1: Ball
2-1: Swinging Strike
2-2: Strikes out swinging
Bottom of the 7th over - 0 runs, 1 hit, 0 errors, 2 left on base; Texas Tech 10 - Texas 1
TOP OF THE 8TH
Texas Tech Red Raiders batting - Pitching for Texas Longhorns : RHP Matt Harrison
Batting: LHB Marshall Dunn 0-0: Called Strike
0-1: Ball
1-1: Fly out, F4 (Popup, 4)
Pitching: RHP José Escobar
Batting: SHB Manuel Hernández 0-0: SOLO HOME RUN (Flyball, 9LD), Distance : 331 ft
Batting: RHB Lorenzo Hernández 0-0: Called Strike
0-1: Foul Ball, location: 2F
0-2: Ball
1-2: Foul Ball, location: 2F
1-2: Ball
2-2: Strikes out swinging
Batting: RHB Bobby Santiago 0-0: Ball
1-0: Called Strike
1-1: Ball
2-1: Foul Ball, location: 2F
2-2: Strikes out swinging
Top of the 8th over - 1 run, 1 hit, 0 errors, 0 left on base; Texas Tech 11 - Texas 1
BOTTOM OF THE 8TH
Texas Longhorns batting - Pitching for Texas Tech Red Raiders : RHP Danny Miller
Batting: RHB Norm Martin 0-0: Called Strike
0-1: Ball
1-1: Called Strike
1-2: Ball
2-2: Fly out, F8 (Flyball, 8RD)
Batting: SHB Dave Hickman 0-0: Foul Ball, location: 2F
0-1: Swinging Strike
0-2: Ball
1-2: Strikes out swinging wild pitch, reaches first!
Batting: LHB Bill Turner 0-0: Ball
1-0: Ball
2-0: Ball
3-0: Called Strike
3-1: Grounds into double play, 6-4-3 (Groundball, 6)
Bottom of the 8th over - 0 runs, 0 hits, 0 errors, 0 left on base; Texas Tech 11 - Texas 1
TOP OF THE 9TH
Texas Tech Red Raiders batting - Pitching for Texas Longhorns : RHP José Escobar
Batting: RHB Johnathan Williams 0-0: Ground out 1-3 (Groundball, 15S)
Batting: RHB Alexander McMillan 0-0: Called Strike
0-1: Ball
1-1: Fly out, F3 (Popup, 3)
Batting: RHB Bob Hyde 0-0: Called Strike
0-1: Ball
1-1: Ball
2-1: Ball
3-1: Foul Ball, location: 2F
3-2: Foul Ball, location: 2F
3-2: Base on Balls
Batting: RHB Terrence Schneider 0-0: Fielders Choice at 2nd, 6-4 (Groundball, 6)
Top of the 9th over - 0 runs, 0 hits, 0 errors, 1 left on base; Texas Tech 11 - Texas 1
BOTTOM OF THE 9TH
Texas Longhorns batting - Pitching for Texas Tech Red Raiders : RHP Danny Miller
Batting: RHB Jonathan Boyer 0-0: Called Strike
0-1: Called Strike
0-2: Ball
1-2: Fly out, F7 (Flyball, 78S)
Batting: LHB Matt Turner 0-0: Ball
1-0: Ball
2-0: Foul Ball, location: 2F
2-1: Fly out, F6 (Line Drive, 6)
Batting: RHB Curtis Lawson 0-0: Ball
1-0: Fly out, F9 (Flyball, 9)
Bottom of the 9th over - 0 runs, 0 hits, 0 errors, 0 left on base; Texas Tech 11 - Texas 1
Saturday, April 7th, 2018 - OOTP Baseball 18.8 Build 76